 Dungeon Crawl Stone Soup version 0.17.0-22-g5edae84 (webtiles) character file.

235 RKaid the Chopper (level 5, -5/45 HPs)
             Began as a Minotaur Fighter on Nov 12, 2015.
             Slain by a slave (6 damage)
             ... led by Pikel
             ... on level 3 of the Dungeon.
             The game lasted 00:08:50 (3399 turns).

RKaid the Chopper (Minotaur Fighter)                Turns: 3399, Time: 00:08:50

Health: -5/45      AC:  6    Str: 21    XL:     5   Next: 76%
Magic:  4/4        EV:  9    Int:  5    God:
Gold:   118        SH:  0    Dex: 10    Spells: 0 memorised, 4 levels left

rFire  . . .     SeeInvis .     a - +0 war axe
rCold  + . .     Clarity  .     b - +0 scale mail
rNeg   . . .     SustAt   .     (no shield)
rPois  .         Gourm    .     (helmet restricted)
rElec  .         Spirit   .     (no cloak)
rCorr  .         Warding  .     (no gloves)
rMut   .         Stasis   .     (no boots)
MR     .....                    (no amulet)
Stlth  ..........               (no ring)
                                x - ring of protection from cold

@: not resistant to hostile enchantments, extremely unstealthy
A: retaliatory headbutt, horns 2
a: no special abilities


You were on level 3 of the Dungeon.
You were not hungry.

You visited 1 branch of the dungeon, and saw 4 of its levels.

You collected 118 gold pieces.

Inventory:

Hand Weapons
 a - a +0 war axe (weapon)
Armour
 b - a +0 scale mail (worn)
 c - a +0 shield
Jewellery
 x - a ring of protection from cold (left hand)
Wands
 w - a wand of polymorph (16)
Scrolls
 f - 3 scrolls of random uselessness {unknown}
 h - 7 scrolls of identify {unknown}
 i - 4 scrolls of remove curse {unknown}
 k - a scroll of enchant armour {unknown}
 m - 2 scrolls of fog {unknown}
 p - a scroll of immolation {unknown}
 r - 2 scrolls of teleportation {unknown}
 t - a scroll of recharging {unknown}
 u - a scroll of fear {unknown}
 y - a scroll of enchant weapon {unknown}
Potions
 d - a potion of might
 g - a potion of brilliance {unknown}
 j - a potion of invisibility {unknown}
 l - a potion of haste
 q - 2 potions of cancellation {unknown}
 s - a potion of resistance {unknown}
 z - a potion of agility {unknown}
 A - a potion of poison {unknown}
Comestibles
 e - 4 bread rations
 n - 2 slices of pizza
 o - 5 beef jerkies
 v - 3 fruits


   Skills:
 - Level 3.6 Fighting
 + Level 7.3 Axes
 - Level 3.6 Armour
 - Level 3.6 Shields


You had 4 spell levels left.
You didn't know any spells.

Dungeon Overview and Level Annotations

Branches:
Dungeon (4/15)
 Temple: D:4-7

Altars:
Gozag
Yredelemnul
Zin

Shops:
D:4 %

Annotations:
D:4 Pikel


Innate Abilities, Weirdness & Mutations

You reflexively headbutt those who attack you in melee.
You have a pair of horns on your head.


Message History

The slave hits you.
You barely miss the slave. Your headbutt misses the slave.
The slave is severely wounded.
The slave barely misses you.
You closely miss the slave.
The slave is severely wounded.
The slave hits you.
* * * LOW HITPOINT WARNING * * *
You barely miss the slave. You headbutt the slave.
The slave is almost dead.
The slave hits you.
* * * LOW HITPOINT WARNING * * *
You hit the slave but do no damage.
The slave is almost dead.
The slave hits you.
* * * LOW HITPOINT WARNING * * *
You hit the slave.
The slave is almost dead.
The slave hits you.
You die...

###........# #.#.##..'......#.#.
#.#.##.....####.#.##.##........#.
#.#.##...............##.###....#.
#.#.##........#.#######.###......
#.#......###..#.......#.#.......#
......#### #..#######.#.##...##.#
#.#.#†...# #..#.....#.#.##......#
.......#.###..#####.#.#.##..##...
#.#.#..#.....>pp@...#.#.##..#....
......###############.#.##..#.###
#.#.#............................
........############........#.###
...#..#.# #...<....P.P.<..#.# #
...#.##.#####.##..##.._...###.###
...#.##.#..#.........P.P......##.
...#.##.#..#......#......#######.
...#)##.#............#..#........


You could see 2 slaves.

Vanquished Creatures
  An orc wizard (D:4)
  Jessica (D:2)
  Natasha (D:3)
  A hound skeleton (D:4)
  A gnoll (D:1)
  5 adders
  3 worms (D:3)
  3 giant geckos
  9 orcs
  6 bats
  7 giant cockroaches
  6 hobgoblins
  6 jackals
  6 kobolds
  2 quokkas
  A ball python (D:4)
  A giant gecko skeleton (D:4)
  3 giant newts
  9 goblins
  A quokka skeleton (D:4)
  6 rats
79 creatures vanquished.

Notes
Turn   | Place    | Note
--------------------------------------------------------------
     0 | D:1      | RKaid the Minotaur Fighter began the quest for the Orb.
     0 | D:1      | Reached XP level 1. HP: 19/19 MP: 0/0
    36 | D:1      | Reached XP level 2. HP: 23/26 MP: 1/1
   288 | D:1      | Reached skill level 4 in Axes
   469 | D:1      | Reached XP level 3. HP: 29/31 MP: 2/2
   682 | D:1      | Found a glowing silver altar of Zin.
   779 | D:2      | Noticed Jessica
   783 | D:2      | Killed Jessica
   783 | D:2      | Reached skill level 5 in Axes
  1048 | D:2      | Reached XP level 4. HP: 39/39 MP: 3/3
  1184 | D:3      | Found a basalt altar of Yredelemnul.
  1834 | D:3      | Reached skill level 6 in Axes
  1939 | D:3      | Noticed Natasha
  1950 | D:3      | Killed Natasha
  1950 | D:3      | Reached XP level 5. HP: 8/45 MP: 4/4
  2388 | D:4      | Found Esoenn's Food Emporium.
  2667 | D:4      | Noticed a slave
  2667 | D:4      | Noticed a slave
  2668 | D:4      | Noticed Pikel
  2669 | D:4      | Noticed a slave
  2670 | D:4      | Noticed a slave
  3016 | D:4      | Found an opulent altar of Gozag.
  3091 | D:4      | Reached skill level 7 in Axes
  3398 | D:3      | HP: 1/45 [slave[Pikel] (6)]
  3399 | D:3      | Slain by a slave

Action                   |  1- 3 |  4- 6 || total
-------------------------+-------+-------++-------
Melee: War axe           |    76 |   116 ||   192
  Use: Potion            |       |     1 ||     1
  Eat: Chunk             |       |     8 ||     8
